 Dungeon Crawl Stone Soup version 0.20-a0-947-g2784f4f (webtiles) character file.

134 MatthieuS the Bolt Thrower (level 4, 0/36 HPs)
             Began as a Centaur Hunter on Apr 2, 2017.
             Succumbed to an adder's poison
             ... on level 2 of the Dungeon.
             The game lasted 00:08:46 (2662 turns).

MatthieuS the Bolt Thrower (Centaur Hunter)         Turns: 2662, Time: 00:08:47

Health: 0/36       AC:  4    Str: 15    XL:     4   Next: 95%
Magic:  4/4        EV:  9    Int: 10    God:
Gold:   91         SH:  0    Dex: 10    Spells: 3/3 levels left

rFire    . . .     SeeInvis .   a - +0 trident
rCold    . . .     Gourm    .   (no shield)
rNeg     . . .     Faith    .   c - +0 leather armour
rPois    .         Spirit   .   (no helmet)
rElec    .         Reflect  .   (no cloak)
rCorr    .         Harm     .   (no gloves)
MR       .....     Rnd*Tele +   (no barding)
Stlth    +.........             (no amulet)
Regen    0.2/turn               j - ring of teleportation (curse)
MPRegen  0.1/turn               (no ring)

@: lethally poisoned (0 -> -5), very quick
A: hooves 3, deformed body, speed 2, tough skin 3
a: no special abilities


You were on level 2 of the Dungeon.
You were hungry.

You visited 1 branch of the dungeon, and saw 3 of its levels.

You collected 91 gold pieces.

Inventory:

Hand Weapons
 a - a +0 trident (weapon)
 k - a +2 dagger of flaming
 q - a +0 blowgun
 w - a +1 hand crossbow
Missiles
 d - 38 bolts
 g - 53 stones (quivered)
 r - 14 poisoned needles
Armour
 c - a +0 leather armour (worn)
Jewellery
 j - a cursed ring of teleportation (left hand)
Scrolls
 m - 2 scrolls of identify {unknown}
 p - 4 scrolls of remove curse {unknown}
Potions
 b - a potion of mutation {unknown}
 e - a potion of heal wounds {unknown}
 h - a potion of lignification {unknown}
 i - a potion of berserk rage {unknown}
 l - a potion of agility {unknown}
Comestibles
 f - 2 bread rations
 n - a chunk of flesh
 o - 2 meat rations


   Skills:
 - Level 2.0 Fighting
 + Level 6.9 Crossbows
 - Level 1.3 Dodging
 - Level 0.4 Stealth


You had 3 spell levels left.
You didn't know any spells.

Dungeon Overview and Level Annotations

Branches:
Dungeon (3/15)

Altars:
Uskayaw


Innate Abilities, Weirdness & Mutations

You have hooves in place of feet.
Armour fits poorly on your strangely shaped body.
You cover ground very quickly.
You have extremely tough skin. (AC +3)


Message History

The adder is heavily wounded.
* * * LOW HITPOINT WARNING * * *
You feel sick. The adder closely misses you.
You closely miss the adder.
The adder is heavily wounded.
* * * LOW HITPOINT WARNING * * *
You feel sick.
The adder bites you but does no damage. x2
Some of the chunks of flesh in your inventory have rotted away.
You closely miss the adder.
The adder is heavily wounded.
* * * LOW HITPOINT WARNING * * *
You feel sick. The adder bites you.
* * * LOW HITPOINT WARNING * * *
The adder bites you.
* * * LOW HITPOINT WARNING * * *
The adder bites you.
* * * LOW HITPOINT WARNING * * *
* * * LOW HITPOINT WARNING * * *
You feel sick.
You die...

.....#
#####........#.....##
##. .#####
#...##......##..#...###
## ##
#....##....###.##.....##
# ###
#.....#.####...###.##..#
# ..### #.......###.####
#.###.# #
#...####...........# #.#
#.###
###....##########S.# #.#
#.##. ####.# #..## #.#
#.... #>#########@..###
#.# ####.
#.##........#...## #.#
#. #..#........###..#
#.# #. ##..........#
##.###.## #.
###.......## #...#..# #.
#.......# ###.##.# #.
#.......# #.##.# #.
#.......# #.##.#####.
#.......# #..)....###


You could see an adder.

Vanquished Creatures
  4 gnolls
  An adder (D:2)
  An ooze (D:3)
  2 worms
  2 leopard geckos
  5 orcs (D:3)
  16 giant cockroaches
  8 goblins
  7 hobgoblins
  4 kobolds
  6 bats
  A frilled lizard (D:1)
  7 rats
64 creatures vanquished.

Notes
Turn   | Place    | Note
-------+----------+-------------------------------------------
     0 | D:1      | MatthieuS the Centaur Hunter began the quest for the Orb.
     0 | D:1      | Reached XP level 1. HP: 17/17 MP: 1/1
   279 | D:1      | Reached XP level 2. HP: 23/24 MP: 2/2
   309 | D:1      | Reached skill level 5 in Crossbows
   705 | D:1      | Reached XP level 3. HP: 29/29 MP: 3/3
  1282 | D:2      | Reached skill level 6 in Crossbows
  1301 | D:2      | Found a hide-covered altar of Uskayaw.
  1313 | D:2      | Reached XP level 4. HP: 12/36 MP: 4/4
  2659 | D:2      | HP: 1/36 [poisoned by an adder]
  2662 | D:2      | Succumbed to an adder's poison

Vault maps used:
D:1:      matt_arrival_los_fun
D:2:      minmay_roachtagon, lemuel_coloured_pillars_altar, first_bread,
          feat_on_display

Skill      XL: |  1  2  3 |
---------------+----------+-----
Crossbows      | 5 6 |  6.9
Fighting       | |  2.0
Dodging        | |  1.3
Stealth        | |  0.4

Action                   |  1- 3 |  4- 6 || total
-------------------------+-------+-------++-------
Melee: Mace              |    25 |       ||    25
       Dagger            |   135 |    30 ||   165
       Kick              |    26 |     4 ||    30
       Trident           |       |    20 ||    20
 Fire: Hand crossbow     |     2 |    46 ||    48
Throw: Stone             |     3 |     8 ||    11
  Use: Scroll            |     1 |       ||     1
  Eat: Chunk             |     1 |     3 ||     4
Armor: Leather armour    |    88 |    37 ||   125
Dodge: Dodged            |   103 |    44 ||   147
